 Dungeon Crawl Stone Soup version 0.24.0-41-g2ae2f7f1be (webtiles) character file.

Game seed: 2955902015915963883, levelgen mode: deterministic

55 Kobolds4U the Conjurer (level 3, -9/28 HPs)
             Began as a Deep Elf Conjurer on Dec 14, 2019.
             Mangled by a gnoll
             ... wielding a cursed +0 halberd
              (10 damage)
             ... on level 2 of the Dungeon.
             The game lasted 00:04:11 (1603 turns).

Kobolds4U the Conjurer (Deep Elf Conjurer)          Turns: 1603, Time: 00:04:12

Health: -9/28      AC:  2    Str: 11    XL:     3   Next: 67%
Magic:  1/9        EV: 13    Int: 19    God:
Gold:   71         SH:  0    Dex: 15    Spells: 5/8 levels left

rFire    . . .     SeeInvis .   i - +0 dagger
rCold    . . .     Gourm    .   (no shield)
rNeg     . . .     Faith    .   a - +0 robe
rPois    .         Spirit   .   (no helmet)
rElec    .         Reflect  .   (no cloak)
rCorr    .         Harm     .   (no gloves)
MR       .....                  (no boots)
Stlth    ..........             (no amulet)
HPRegen  0.09/turn              (no ring)
MPRegen  0.11/turn              (no ring)

@: berserking, lethally poisoned (-9 -> -16), very slightly contaminated, very
quick
A: no striking features
a: no special abilities


You were on level 2 of the Dungeon.
You were not hungry.

You visited 1 branch of the dungeon, and saw 2 of its levels.

You collected 71 gold pieces.

Inventory:

Hand Weapons
 e - a +0 short sword
 i - a +0 dagger (weapon)
Armour
 a - a +0 robe (worn)
Jewellery
 g - a cursed ring of teleportation {unknown}
Scrolls
 d - a scroll of identify {unknown}
 f - 3 scrolls of remove curse {unknown}
 h - a scroll of blinking {unknown}
Potions
 j - a potion of lignification {unknown}
Comestibles
 c - 7 rations
 k - 2 chunks of flesh


   Skills:
 - Level 2.4 Dodging
 - Level 2.4 Stealth
 - Level 3.0 Spellcasting
 + Level 6.0 Conjurations


You had 5 spell levels left.
You knew the following spells:

 Your Spells              Type           Power        Failure   Level  Hunger
a - Magic Dart            Conj           ####         1%          1    None
b - Searing Ray           Conj           ####..       1%          2    ##.....

Your spell library contained the following spells:

 Spells                   Type           Power        Failure   Level  Hunger
 Dazzling Spray           Conj/Hex       ##....       13%         3    ###....
 Iskenderun's Mystic Bla  Conj           ####....     13%         4    ####...
 Force Lance              Conj/Tloc      ##......     41%         4    ####...
 Fulminant Prism          Conj/Hex       ##........   41%         4    ####...


Dungeon Overview and Level Annotations

Branches:
Dungeon (2/15)

Altars:


Message History

You see here an adder skeleton.
You feel sick.
A gnoll comes into view.
The adder barely misses you.
You feel sick. The adder bites you.
* * * LOW HITPOINT WARNING * * *
You are lethally poisoned!
The adder poisons you!
A gnoll comes into view.
You see here a +0 club.
It was a potion of berserk rage.
A red film seems to cover your vision as you go berserk!
You feel yourself moving faster!
You feel mighty!
* * * LOW HITPOINT WARNING * * *
You feel sick.
The gnoll shouts!
The adder bites you.
* * * LOW HITPOINT WARNING * * *
The gnoll hits you from afar with a cursed +0 halberd!
You die...

#...........## #..#
#>#.....### #..#
.......... #..# #.....#
#..######...##
#..##.g.g....#
#..##รท###.).....
######..##.# #..#.#.?
#...@Sg....# #..#...#
#.####..##g# #..# #).
#.# #.(..g.g...# #.
#######.########.###...
. ..........# ..# #.##
..........# #.#
#######.### #.#
###.###.## .#
#..........


You could see 3 gnolls and an adder.

Vanquished Creatures
  2 adders (D:2)
  5 bats
  4 giant cockroaches (D:1)
  4 goblins
  5 hobgoblins
  A ball python (D:1)
  2 frilled lizards (D:1)
  6 kobolds
  7 rats
36 creatures vanquished.

Notes
Turn   | Place    | Note
-------+----------+-------------------------------------------
     0 | D:1      | Kobolds4U the Deep Elf Conjurer began the quest for the
                  | Orb.
     0 | D:1      | Reached XP level 1. HP: 10/10 MP: 6/6
   272 | D:1      | Reached XP level 2. HP: 15/15 MP: 6/8
   276 | D:1      | Learned a level 2 spell: Searing Ray
   387 | D:1      | Reached skill level 5 in Conjurations
  1127 | D:1      | Reached XP level 3. HP: 14/19 MP: 1/9
  1582 | D:2      | Reached skill level 6 in Conjurations
  1603 | D:2      | HP: 1/28 [adder (4)]
  1603 | D:2      | Mangled by a gnoll

Levels and vault maps discovered:
D:1:      sevenhm_arrival_forest_fort_small_6, layout_loops_ring,
          minmay_heptomino_l4
D:2:      layout_loops_ring, kennysheep_jessica_study

Skill      XL: |  1  2  3 |
---------------+----------+-----
Conjurations   | 5 6 |  6.0
Dodging        | |  2.4
Stealth        | |  2.4
Spellcasting   | |  3.0

Action                   || total
-------------------------++-------
Melee: Short sword       ||    24
       Dagger            ||     6
 Cast: Magic Dart        ||    36
       Searing Ray       ||     2
  Use: Potion            ||     1
 Stab: Sleeping          ||     7
  Eat: Chunk             ||     2
Armor: Robe              ||     6
Dodge: Dodged            ||    35
